SA
WALLA WALLA WALLEYE @ NEBRASKA PLAINSMEN
08/08/2029
 
TOP OF THE 1ST
Walla Walla Walleye batting - Pitching for Nebraska Plainsmen : RHP Luis Bustamante
Pitching: RHP Luis Bustamante
Batting: RHB Héctor Espiga 0-0: Ground out 6-3 (Groundball, 6)
Batting: RHB Olubowale Akintimehin 0-0: Ball
1-0: Fly out, F7 (Flyball, 7)
Batting: RHB Rex Criscuolo 0-0: Ball
1-0: Ball
2-0: Called Strike
2-1: Foul Ball, location: 2F
2-2: Foul Ball, location: 2F
2-2: Foul Ball, location: 2F
2-2: Ball
3-2: Fly out, F7 (Flyball, 7)
Top of the 1st over - 0 runs, 0 hits, 0 errors, 0 left on base; Walla Walla 0 - Nebraska 0
BOTTOM OF THE 1ST
Nebraska Plainsmen batting - Pitching for Walla Walla Walleye : RHP Melchor Morse
Pitching: RHP Melchor Morse
Batting: LHB Yin-reng Hsueh 0-0: Ball
1-0: Ball
2-0: Foul Ball, location: 2F
2-1: Foul Ball, location: 2F
2-2: Ball
3-2: Strikes out swinging
Batting: SHB Cyrille Baffi 0-0: Bunted foul
0-1: Fly out, F8 (Flyball, 8RM)
Batting: SHB Allen Pandey 0-0: Called Strike
0-1: Called Strike
0-2: Strikes out swinging
Bottom of the 1st over - 0 runs, 0 hits, 0 errors, 0 left on base; Walla Walla 0 - Nebraska 0
TOP OF THE 2ND
Walla Walla Walleye batting - Pitching for Nebraska Plainsmen : RHP Luis Bustamante
Batting: RHB Luis Delvalle 0-0: Ball
1-0: Swinging Strike
1-1: Foul Ball, location: 2F
1-2: Strikes out swinging
Batting: LHB Johan Kroening 0-0: Foul Ball, location: 2F
0-1: Swinging Strike
0-2: Strikes out looking
Batting: RHB Cody Jaeckel 0-0: Ball
1-0: Ball
2-0: Ball
3-0: Called Strike
3-1: Foul Ball, location: 2F
3-2: Fly out, F3 (Popup, 3)
Top of the 2nd over - 0 runs, 0 hits, 0 errors, 0 left on base; Walla Walla 0 - Nebraska 0
BOTTOM OF THE 2ND
Nebraska Plainsmen batting - Pitching for Walla Walla Walleye : RHP Melchor Morse
Batting: LHB Gerardo Ponce de Leon 0-0: Called Strike
0-1: Swinging Strike
0-2: Ball
1-2: Strikes out swinging
Batting: LHB Bob Knutson 0-0: Called Strike
0-1: Ground out 6-3 (Groundball, 6)
Batting: RHB Shelby Loudenslager 0-0: DOUBLE (Line Drive, 78D)
Batting: RHB Matt Poole 0-0: Called Strike
0-1: Ball
1-1: Swinging Strike
1-2: Ball
2-2: Strikes out looking
Bottom of the 2nd over - 0 runs, 1 hit, 0 errors, 1 left on base; Walla Walla 0 - Nebraska 0
TOP OF THE 3RD
Walla Walla Walleye batting - Pitching for Nebraska Plainsmen : RHP Luis Bustamante
Batting: RHB José de la Cavallería 0-0: Ball
1-0: Called Strike
1-1: SINGLE (Line Drive, 7S)
Batting: RHB Gustavo Ortíz 0-0: Ball
1-0: Fly out, F8 (Flyball, 8LD)
Batting: LHB Mo Eayrs 0-0: Called Strike
0-1: Swinging Strike
0-2: Strikes out swinging
Batting: RHB Héctor Espiga 0-0: Ball
Wild Pitch!
José de la Cavallería to second
1-0: Ball
2-0: Called Strike
2-1: Foul Ball, location: 2F
2-2: Ball
3-2: SINGLE (Flyball, 8LS)
José de la Cavallería to third
José de la Cavallería scores
Batting: RHB Olubowale Akintimehin 0-0: Swinging Strike
0-1: Called Strike
0-2: Ball
1-2: Strikes out swinging
Top of the 3rd over - 1 run, 2 hits, 0 errors, 1 left on base; Walla Walla 1 - Nebraska 0
BOTTOM OF THE 3RD
Nebraska Plainsmen batting - Pitching for Walla Walla Walleye : RHP Melchor Morse
Batting: RHB Hamilton Swan 0-0: Foul Ball, location: 2F
0-1: Ball
1-1: Foul Ball, location: 2F
1-2: Ball
2-2: Foul Ball, location: 2F
2-2: Ball
3-2: Reached on error, E4 (Groundball, 34)
Batting: RHB Dan Hendricks 0-0: Ball
1-0: Ball
2-0: Called Strike
2-1: Foul Ball, location: 2F
2-2: Strikes out swinging
Batting: LHB Yin-reng Hsueh 0-0: Ball
1-0: Ball
2-0: SINGLE (Line Drive, 3D)
Hamilton Swan to second
Runner from 2nd tries for 3rd, SAFE, throw made to third
Batting: SHB Cyrille Baffi 0-0: Foul Ball, location: 2F
0-1: Ball
1-1: Foul Ball, location: 2F
1-2: Strikes out swinging
Yin-reng Hsueh steals 2nd base
Batter strikes out.
Batting: SHB Allen Pandey 0-0: Called Strike
0-1: Swinging Strike
0-2: Ball
1-2: Fly out, F6 (Line Drive, 6M)
Bottom of the 3rd over - 0 runs, 1 hit, 1 error, 2 left on base; Walla Walla 1 - Nebraska 0
TOP OF THE 4TH
Walla Walla Walleye batting - Pitching for Nebraska Plainsmen : RHP Luis Bustamante
Batting: RHB Rex Criscuolo 0-0: Foul Ball, location: 2F
0-1: Ground out 6-3 (Groundball, 6)
Batting: RHB Luis Delvalle 0-0: Foul Ball, location: 2F
0-1: Ball
1-1: Ball
2-1: Fly out, F7 (Line Drive, 7)
Batting: LHB Johan Kroening 0-0: Foul Ball, location: 2F
0-1: Foul Ball, location: 2F
0-2: Ground out 5-3 (Groundball, 56)
Top of the 4th over - 0 runs, 0 hits, 0 errors, 0 left on base; Walla Walla 1 - Nebraska 0
BOTTOM OF THE 4TH
Nebraska Plainsmen batting - Pitching for Walla Walla Walleye : RHP Melchor Morse
Batting: LHB Gerardo Ponce de Leon 0-0: Ball
1-0: Called Strike
1-1: SINGLE (Flyball, 89S)
Batting: LHB Bob Knutson 0-0: Called Strike
0-1: Ball
1-1: Swinging Strike
1-2: Fly out, F6 (Line Drive, 6M)
Batting: RHB Shelby Loudenslager 0-0: Fly out, F7 (Flyball, 7LSF)
Batting: RHB Matt Poole 0-0: Ball
1-0: SINGLE (Groundball, 56S) (infield hit)
Gerardo Ponce de Leon to second
Batting: RHB Hamilton Swan 0-0: Ball
1-0: Ball
2-0: Called Strike
2-1: Foul Ball, location: 2F
2-2: Hit by Pitch
Gerardo Ponce de Leon to third
Matt Poole to second
Batting: RHB Dan Hendricks 0-0: Ball
1-0: Swinging Strike
1-1: Ball
2-1: Fly out, F9 (Flyball, 9)
Bottom of the 4th over - 0 runs, 2 hits, 0 errors, 3 left on base; Walla Walla 1 - Nebraska 0
TOP OF THE 5TH
Walla Walla Walleye batting - Pitching for Nebraska Plainsmen : RHP Luis Bustamante
Batting: RHB Cody Jaeckel 0-0: Swinging Strike
0-1: Ball
1-1: Foul Ball, location: 2F
1-2: Foul Ball, location: 2F
1-2: Foul Ball, location: 2F
1-2: Strikes out looking and he ARGUES THE CALL AND IS TOSSED!
Batting: RHB José de la Cavallería 0-0: Ball
1-0: Fly out, F8 (Flyball, 8RM)
Batting: RHB Gustavo Ortíz 0-0: Called Strike
0-1: Ball
1-1: SINGLE (Line Drive, 7S)
Batting: LHB Mo Eayrs 0-0: Ball
1-0: Ball
2-0: Called Strike
2-1: Foul Ball, location: 2F
2-2: Ball
3-2: Foul Ball, location: 2F
3-2: Strikes out swinging
Top of the 5th over - 0 runs, 1 hit, 0 errors, 1 left on base; Walla Walla 1 - Nebraska 0
BOTTOM OF THE 5TH
Nebraska Plainsmen batting - Pitching for Walla Walla Walleye : RHP Melchor Morse
Now at 2B: Leonardo Medina
Batting: LHB Yin-reng Hsueh 0-0: Ground out 4-3 (Groundball, 4)
Batting: SHB Cyrille Baffi 0-0: Ball
1-0: Ground out 4-3 (Groundball, 4)
Batting: SHB Allen Pandey 0-0: Ball
1-0: Called Strike
1-1: Called Strike
1-2: Strikes out swinging
Bottom of the 5th over - 0 runs, 0 hits, 0 errors, 0 left on base; Walla Walla 1 - Nebraska 0
TOP OF THE 6TH
Walla Walla Walleye batting - Pitching for Nebraska Plainsmen : RHP Luis Bustamante
Batting: RHB Héctor Espiga 0-0: Fly out, F7 (Flyball, 7LSF)
Batting: RHB Olubowale Akintimehin 0-0: Ball
1-0: Ball
2-0: Called Strike
2-1: Foul Ball, location: 2F
2-2: Strikes out swinging
Batting: RHB Rex Criscuolo 0-0: Ball
1-0: Ball
2-0: Ball
3-0: Called Strike
3-1: Base on Balls
Batting: RHB Luis Delvalle 0-0: 2-RUN HOME RUN (Flyball, 7LD), Distance : 365 ft
Batting: LHB Johan Kroening 0-0: Called Strike
0-1: Ball
1-1: Fly out, F9 (Flyball, 9)
Top of the 6th over - 2 runs, 1 hit, 0 errors, 0 left on base; Walla Walla 3 - Nebraska 0
BOTTOM OF THE 6TH
Nebraska Plainsmen batting - Pitching for Walla Walla Walleye : RHP Melchor Morse
Batting: LHB Gerardo Ponce de Leon 0-0: Ball
1-0: Ball
2-0: Fly out, F6 (Popup, 15)
Batting: LHB Bob Knutson 0-0: Ball
1-0: Swinging Strike
1-1: Ball
2-1: Fly out, F8 (Flyball, 8LS)
Batting: RHB Shelby Loudenslager 0-0: Called Strike
0-1: Ball
1-1: Foul Ball, location: 2F
1-2: Ball
2-2: Fly out, F8 (Flyball, 8LS)
Bottom of the 6th over - 0 runs, 0 hits, 0 errors, 0 left on base; Walla Walla 3 - Nebraska 0
TOP OF THE 7TH
Walla Walla Walleye batting - Pitching for Nebraska Plainsmen : RHP Luis Bustamante
Batting: RHB Leonardo Medina 0-0: Ball
1-0: Ball
2-0: Called Strike
2-1: Called Strike
2-2: Foul Ball, location: 2F
2-2: SINGLE (Line Drive, 56D)
Batting: RHB José de la Cavallería 0-0: Called Strike
0-1: Fly out, F9 (Flyball, 89D)
Batting: RHB Gustavo Ortíz 0-0: Ball
1-0: Foul Ball, location: 2F
1-1: Swinging Strike
1-2: Ground out 5-3 (Groundball, 56S)
Leonardo Medina to second
Batting: LHB Mo Eayrs 0-0: Ball
1-0: Swinging Strike
1-1: SINGLE (Groundball, 34D)
Leonardo Medina to third
Runner from 3rd tries for Home, SAFE, no throw
Batting: RHB Héctor Espiga 0-0: Ground out 1-3 (Groundball, 13S)
Top of the 7th over - 1 run, 2 hits, 0 errors, 1 left on base; Walla Walla 4 - Nebraska 0
BOTTOM OF THE 7TH
Nebraska Plainsmen batting - Pitching for Walla Walla Walleye : RHP Melchor Morse
Batting: RHB Matt Poole 0-0: SINGLE (Groundball, 56D)
Batting: RHB Hamilton Swan 0-0: Called Strike
0-1: Foul Ball, location: 2F
0-2: SINGLE (Groundball, 56S) (infield hit)
Matt Poole to second
Batting: RHB Dan Hendricks 0-0: Fly out, F8 (Flyball, 8RS)
Batting: LHB Yin-reng Hsueh 0-0: Ball
1-0: Called Strike
1-1: Ball
2-1: Ball
3-1: Base on Balls
Matt Poole to third
Hamilton Swan to second
Batting: SHB Cyrille Baffi 0-0: Ball
1-0: Grounds into fielders choice 1-2 (Groundball, P)
Hamilton Swan to third
Yin-reng Hsueh to second
Batting: SHB Allen Pandey 0-0: TRIPLE (Line Drive, 78XD)
Hamilton Swan scores
Yin-reng Hsueh scores
Cyrille Baffi scores
Batting: LHB Gerardo Ponce de Leon 0-0: Ball
1-0: Ball
2-0: SINGLE (Line Drive, 78M)
Allen Pandey scores
Pitching: LHP Nicolas Michel
Batting: LHB Bob Knutson 0-0: Called Strike
0-1: Ball
1-1: Called Strike
1-2: Strikes out swinging
Bottom of the 7th over - 4 runs, 4 hits, 0 errors, 1 left on base; Walla Walla 4 - Nebraska 4
TOP OF THE 8TH
Walla Walla Walleye batting - Pitching for Nebraska Plainsmen : RHP Luis Bustamante
Batting: RHB Olubowale Akintimehin 0-0: Ground out 3-1 (Groundball, 34S)
Batting: RHB Rex Criscuolo 0-0: Called Strike
0-1: Ball
1-1: Called Strike
1-2: Ball
2-2: Strikes out looking
Batting: RHB Luis Delvalle 0-0: Called Strike
0-1: Swinging Strike
0-2: Ball
1-2: Foul Ball, location: 2F
1-2: Ball
2-2: Ball
3-2: Fly out, F8 (Flyball, 8RD)
Top of the 8th over - 0 runs, 0 hits, 0 errors, 0 left on base; Walla Walla 4 - Nebraska 4
BOTTOM OF THE 8TH
Nebraska Plainsmen batting - Pitching for Walla Walla Walleye : LHP Nicolas Michel
Pitching: LHP Miguel López
Batting: RHB Shelby Loudenslager 0-0: Ball
1-0: Foul Ball, location: 2F
1-1: Ball
2-1: Ball
3-1: Base on Balls
Pinch Runner at 1st Matthias Ballerini:
Batting: RHB Matt Poole 0-0: Ball
1-0: Called Strike
Matthias Ballerini steals 2nd base
1-1: Foul Ball, location: 2F
1-2: Ball
2-2: Ball
3-2: Foul Ball, location: 2F
3-2: Foul Ball, location: 2F
3-2: Strikes out swinging
Pinch Hitting: RHB Lloyd Raaijmakers 0-0: Intentional Walk
Batting: RHB Dan Hendricks 0-0: Ball
1-0: Fly out, F8 (Line Drive, 89D)
Runner from 2nd tags up, SAFE at 3rd, no throw
Pinch Hitting: SHB Rafael Porfrio 0-0: Called Strike
0-1: Ball
1-1: Foul Ball, location: 2F
1-2: Ball
2-2: Ball
3-2: Foul Ball, location: 2F
3-2: Base on Balls
Lloyd Raaijmakers to second
Pinch Hitting: RHB Alco Compagne 0-0: Ball
1-0: Called Strike
1-1: Foul Ball, location: 2F
1-2: Foul Ball, location: 2F
1-2: Foul Ball, location: 2F
1-2: Foul Ball, location: 2F
1-2: Ball
2-2: Ball
3-2: Strikes out swinging
Bottom of the 8th over - 0 runs, 0 hits, 0 errors, 3 left on base; Walla Walla 4 - Nebraska 4
TOP OF THE 9TH
Walla Walla Walleye batting - Pitching for Nebraska Plainsmen : RHP Luis Bustamante
Pitching: RHP Nick Kelley
Now at 1B: Rafael Porfrio
Now at 3B: Matthias Ballerini
Now in LF: Alco Compagne
Now in RF: José Durán
Batting: LHB Johan Kroening 0-0: Ground out 4-3 (Groundball, 4)
Batting: RHB Leonardo Medina 0-0: Called Strike
0-1: Fly out, F3 (Popup, 3SF)
Batting: RHB José de la Cavallería 0-0: Fly out, F6 (Line Drive, 6)
Top of the 9th over - 0 runs, 0 hits, 0 errors, 0 left on base; Walla Walla 4 - Nebraska 4
BOTTOM OF THE 9TH
Nebraska Plainsmen batting - Pitching for Walla Walla Walleye : LHP Miguel López
Pinch Hitting: RHB José Bravo 0-0: Called Strike
0-1: Called Strike
0-2: Strikes out swinging
Batting: LHB Gerardo Ponce de Leon 0-0: Ball
1-0: Called Strike
1-1: Ground out 4-3 (Groundball, 4D)
Batting: LHB Bob Knutson 0-0: Ball
1-0: Ball
2-0: Ball
3-0: Base on Balls
Batting: RHB Matthias Ballerini 0-0: Ground out 5-3 (Groundball, 56S)
Bottom of the 9th over - 0 runs, 0 hits, 0 errors, 1 left on base; Walla Walla 4 - Nebraska 4
TOP OF THE 10TH
Walla Walla Walleye batting - Pitching for Nebraska Plainsmen : RHP Nick Kelley
Now at SS: José Bravo
Pinch Hitting: SHB Raúl Mateo 0-0: Fly out, F8 (Flyball, 8RM)
Pinch Hitting: RHB Jimmy Fick 0-0: Called Strike
0-1: Ball
1-1: Ground out 4-3 (Groundball, 4)
Batting: RHB Héctor Espiga 0-0: Foul Ball, location: 2F
0-1: Ball
1-1: Fly out, F6 (Popup, 6M)
Top of the 10th over - 0 runs, 0 hits, 0 errors, 0 left on base; Walla Walla 4 - Nebraska 4
BOTTOM OF THE 10TH
Nebraska Plainsmen batting - Pitching for Walla Walla Walleye : LHP Miguel López
Now at C: Shuichi Saito
Now in CF: Jimmy Fick
Batting: RHB Matt Poole 0-0: Called Strike
0-1: Fly out, F4 (Flyball, 4MD)
Pinch Hitting: RHB Phil McCroskey 0-0: Called Strike
0-1: Ball
1-1: Ball
2-1: Ball
3-1: Swinging Strike
3-2: Strikes out looking
Batting: RHB Dan Hendricks 0-0: Foul Ball, location: 2F
0-1: Reached on error, E5 (Groundball, 56)
Batting: SHB Rafael Porfrio 0-0: Ball
1-0: Ball
2-0: Foul Ball, location: 2F
2-1: Fly out, F8 (Flyball, 8LD)
Bottom of the 10th over - 0 runs, 0 hits, 1 error, 1 left on base; Walla Walla 4 - Nebraska 4
TOP OF THE 11TH
Walla Walla Walleye batting - Pitching for Nebraska Plainsmen : RHP Nick Kelley
Pitching: RHP Frederick Vázquez
Now in RF: Phil McCroskey
Batting: RHB Olubowale Akintimehin 0-0: Foul Ball, location: 2F
0-1: Called Strike
0-2: Ball
1-2: Foul Ball, location: 2F
1-2: Ball
2-2: Foul Ball, location: 2F
2-2: Strikes out swinging
Batting: RHB Rex Criscuolo 0-0: Called Strike
0-1: Foul Ball, location: 2F
0-2: Foul Ball, location: 2F
0-2: Ball
1-2: Strikes out swinging
Batting: RHB Luis Delvalle 0-0: Called Strike
0-1: Swinging Strike
0-2: Strikes out swinging
Top of the 11th over - 0 runs, 0 hits, 0 errors, 0 left on base; Walla Walla 4 - Nebraska 4
BOTTOM OF THE 11TH
Nebraska Plainsmen batting - Pitching for Walla Walla Walleye : LHP Miguel López
Batting: RHB Alco Compagne 0-0: Ball
1-0: Called Strike
1-1: Ball
2-1: Ball
3-1: Called Strike
3-2: Foul Ball, location: 2F
3-2: SINGLE (Groundball, 34D)
Pitching: LHP Quan Shiu
Batting: RHB José Bravo 0-0: Grounds into double play, 4-6-3 (Groundball, 4M)
Batting: LHB Gerardo Ponce de Leon 0-0: Ball
1-0: Foul Ball, location: 2F
1-1: SINGLE (Line Drive, 8RS)
Batting: LHB Bob Knutson 0-0: Called Strike
0-1: SINGLE (Flyball, 56D)
Gerardo Ponce de Leon to second
Batting: RHB Matthias Ballerini 0-0: Ground out 4-3 (Groundball, 4D)
Bottom of the 11th over - 0 runs, 3 hits, 0 errors, 2 left on base; Walla Walla 4 - Nebraska 4
TOP OF THE 12TH
Walla Walla Walleye batting - Pitching for Nebraska Plainsmen : RHP Frederick Vázquez
Batting: LHB Johan Kroening 0-0: SINGLE (Line Drive, 3D)
Batting: RHB Leonardo Medina 0-0: Ball
1-0: Bunted foul
1-1: Sac Bunt - play at first, batter OUT! 2-4
Johan Kroening to second
Batting: RHB José de la Cavallería 0-0: Foul Ball, location: 2F
0-1: SINGLE (Flyball, 8LS)
Johan Kroening to third
Runner from 3rd tries for Home, SAFE, no throw
Batting: RHB Shuichi Saito 0-0: Called Strike
0-1: SINGLE (Line Drive, 8LS)
José de la Cavallería to second
Batting: RHB Jimmy Fick 0-0: Ball
1-0: Ball
2-0: Ball
3-0: Called Strike
3-1: Base on Balls
José de la Cavallería to third
Shuichi Saito to second
Pitching: RHP Pedro Ortíz
Batting: RHB Héctor Espiga 0-0: Ball
1-0: Fly out, F9 (Flyball, 89S)
Runner from 3rd tags up, SCORES, no throw
Batting: RHB Olubowale Akintimehin 0-0: Ball
1-0: Called Strike
1-1: Ball
Wild Pitch!
Shuichi Saito to third
Jimmy Fick to second
2-1: Ball
3-1: Base on Balls
Batting: RHB Rex Criscuolo 0-0: Called Strike
0-1: Ball
1-1: Called Strike
1-2: Ball
2-2: Fly out, F7 (Line Drive, 78D)
Top of the 12th over - 2 runs, 3 hits, 0 errors, 3 left on base; Walla Walla 6 - Nebraska 4
BOTTOM OF THE 12TH
Nebraska Plainsmen batting - Pitching for Walla Walla Walleye : LHP Quan Shiu
Batting: RHB Matt Poole 0-0: Ground out 6-3 (Groundball, 56)
Batting: RHB Phil McCroskey 0-0: Called Strike
0-1: Ball
1-1: Swinging Strike
1-2: Ball
2-2: Strikes out looking
Batting: RHB Dan Hendricks 0-0: Ball
1-0: Called Strike
1-1: Fly out, F8 (Flyball, 8RD)
Bottom of the 12th over - 0 runs, 0 hits, 0 errors, 0 left on base; Walla Walla 6 - Nebraska 4
Tuesday, December 19th, 2017 - OOTP Baseball 18.8 Build 76